 Dungeon Crawl Stone Soup version 0.19.1 (webtiles) character file.

164 HessuHobo the Chopper (level 5, -10/45 HPs)
             Began as a Draconian Berserker on Dec 27, 2016.
             Was a Believer of Trog.
             Killed from afar by a starcursed mass (13 damage)
             ... with an accursed screaming
             ... on level 1 of the Abyss.
             The game lasted 00:06:23 (2611 turns).

HessuHobo the Chopper (Draconian Berserker)         Turns: 2611, Time: 00:06:24

Health: -10/45     AC: 10    Str: 20    XL:     5   Next: 21%
Magic:  5/5        EV: 12    Int:  8    God:    Trog [**....]
Gold:   147        SH:  0    Dex: 10    Spells: 0 memorised, 4 levels left

rFire  . . .     SeeInvis .     s - +1 flail (protect)
rCold  . . .     Gourm    .     (armour unavailable)
rNeg   . . .     Faith    .     (no shield)
rPois  .         Spirit   .     (helmet restricted)
rElec  .         Reflect  .     h - +1 cloak
rCorr  .         Harm     .     (no gloves)
MR     .....                    k - +2 pair of boots
Stlth  +.........               (no amulet)
                                (no ring)
                                (no ring)

@: no status effects
A: unfitting armour, cold-blooded, AC +5
a: Berserk, Trog's Hand, Burn Spellbooks, Renounce Religion


You were on level 1 of the Abyss.
You worshipped Trog.
Trog was pleased with you.
You were very hungry.

You visited 1 branch of the dungeon, and saw 3 of its levels.
You visited the Abyss 1 time.

You collected 147 gold pieces.

Inventory:

Hand Weapons
 a - a +0 hand axe
 s - a +1 flail of protection (weapon)
Armour
 h - a +1 cloak (worn)
 k - a +2 pair of boots (worn)
Scrolls
 e - a scroll of enchant weapon {unknown}
 i - a scroll of remove curse {unknown}
 j - 2 scrolls of identify
 m - a scroll of recharging {unknown}
Potions
 l - 2 potions of cancellation {unknown}
 n - a potion of heal wounds
Comestibles
 b - 3 bread rations
 c - 2 meat rations
 d - a beef jerky
 f - 4 fruits
 g - 2 chunks of flesh


   Skills:
 - Level 3.2 Fighting
 + Level 5.8 Axes
 + Level 0.2(3.5) Maces & Flails
 - Level 2.6 Dodging
 + Level 1.0 Stealth


You had 4 spell levels left.
You didn't know any spells.

Dungeon Overview and Level Annotations

Branches:
Dungeon (3/15)

Altars:
Kikubaaqudgha


Innate Abilities, Weirdness & Mutations

Your plain brown scales are hard. (AC +5)
You cannot fit into any form of body armour.
You are cold-blooded and may be slowed by cold attacks.


Message History

A starcursed mass comes into view.
Found 30 gold pieces.
A starcursed mass splits.
You see here 36 gold pieces.
A chorus of shrieks assaults your mind.
A starcursed mass splits.
A starcursed mass splits.
The starcursed mass engulfs you but does no damage.
A chorus of shrieks assaults your mind. The starcursed mass misses you.
A chorus of shrieks assaults your mind. A chorus of shrieks assaults your mind.
The shadow imp gestures at you. Pain shoots through your body!
* * * LOW HITPOINT WARNING * * *
A starcursed mass splits. x3
A deafening chorus of shrieks assaults your mind!
* * * LOW HITPOINT WARNING * * *
A starcursed mass splits.
A deafening chorus of shrieks assaults your mind!
You die...

##...#.#..#.....##...#
. .#. >##. ........ .#
## ##.#....### #!. # #
####.##.###.# .# ' #
#..###....$.# # ..#
#...##.$.)#.. . # ..#
####..XX..## ## ...
#..XXXX...# # .
##@#.5X.?(.# . .
#.#.##.#.#....# #
####.##....###.. .#
...## #.....# .....#
......#


You could see 6 starcursed masses.

Vanquished Creatures
  Natasha (D:3)
  7 adders
  4 worms
  2 dart slugs (D:2)
  2 leopard geckos (D:3)
  4 orcs (D:3)
  7 bats
  2 giant cockroaches
  6 goblins
  7 hobgoblins
  4 kobolds
  A ball python (D:1)
  4 frilled lizards
  8 rats
59 creatures vanquished.

Notes
Turn   | Place    | Note
-------+----------+-------------------------------------------
     0 | D:1      | HessuHobo the Draconian Berserker began the quest for the Orb.
     0 | D:1      | Reached XP level 1. HP: 19/19 MP: 1/1
   243 | D:1      | Reached XP level 2. HP: 22/26 MP: 2/2
   736 | D:2      | Reached skill level 4 in Axes
   832 | D:2      | Reached XP level 3. HP: 31/31 MP: 3/3
   901 | D:2      | Found an ancient bone altar of Kikubaaqudgha.
  1199 | D:2      | Reached XP level 4. HP: 34/38 MP: 4/4
  1357 | D:3      | Reached skill level 5 in Axes
  1871 | D:3      | Reached ** piety under Trog
  2179 | D:3      | Noticed Natasha
  2182 | D:3      | Killed Natasha
  2397 | D:3      | Reached XP level 5. HP: 41/45 MP: 5/5
  2435 | D:3      | Reached skill level 1 in Stealth
  2553 | D:3      | Cast into level 1 of the Abyss (orc)
  2553 | Abyss:1  | Found a snail-covered altar of Cheibriados.
  2593 | Abyss:1  | Noticed a glowing orange brain
  2601 | Abyss:1  | Noticed a starcursed mass
  2611 | Abyss:1  | Killed from afar by a starcursed mass

Skill      XL: |  1  2  3  4  5 |
---------------+----------------+-----
Axes           | 4 5 |  5.8
Stealth        | 1 |  1.0
Fighting       | |  3.2
Maces & Flails | |  0.2
Dodging        | |  2.6

Action                   |  1- 3 |  4- 6 || total
-------------------------+-------+-------++-------
Melee: Hand axe          |   103 |    44 ||   147
       Tailslap          |    11 |     6 ||    17
       Flail             |       |    49 ||    49
Invok: Berserk           |       |     1 ||     1
  Use: Scroll            |       |     8 ||     8
       Potion            |       |     2 ||     2
  Eat: Chunk             |     1 |     4 ||     5
Armor: Skin              |    58 |    44 ||   102
Dodge: Dodged            |   101 |    75 ||   176
